 Dungeon Crawl Stone Soup version 0.25.1-2-g60ff931df9 (webtiles) character file.

Game seed: 11416983408612637630

2886 lepoulpe303 the Ruffian (level 9, 0/85 HPs)
             Began as a Troll Abyssal Knight on Sept 22, 2020.
             Was a Priest of Lugonu.
             Slain by an orc warrior
             ... wielding a +0 glaive
              (17 damage)
             ... on level 7 of the Dungeon.
             The game lasted 00:14:39 (6029 turns).

lepoulpe303 the Ruffian (Troll Abyssal Knight)      Turns: 6029, Time: 00:14:39

Health: 0/85       AC:  8    Str: 24    XL:     9   Next: 48%
Magic:  11/11      EV: 11    Int:  8    God:    Lugonu [***...]
Gold:   376        SH:  0    Dex: 10    Spells: 8/8 levels left

rFire    . . .     SeeInvis .     - Unarmed
rCold    . . .     Gourm    +   (no shield)
rNeg     . . .     Faith    .   g - +0 troll leather armour {Purgy}
rPois    .         Spirit   .   (helmet restricted)
rElec    .         Reflect  .   (no cloak)
rCorr    .         Harm     .   (gloves unavailable)
MR       .....                  (boots unavailable)
Stlth    +.........             (no amulet)
HPRegen  1.04/turn              d - ring of flight
MPRegen  0.12/turn              (no ring)

@: lethally poisoned (0 -> -2), very slightly contaminated
A: large, unfitting armour, claws 3, fast metabolism 3, gourmand, regeneration
1, shaggy fur 1, tough skin 3
a: Depart the Abyss, Bend Space, Banish, Renounce Religion, Evoke Flight


You were on level 7 of the Dungeon.
You worshipped Lugonu.
Lugonu was most pleased with you.
You were completely stuffed.

You visited 1 branch of the dungeon, and saw 7 of its levels.
You visited the Abyss 1 time.
You also visited: Sewer.

You collected 376 gold pieces.

Inventory:

Missiles
 c - 4 boomerangs
 s - 4 large rocks {!d}
 x - 14 poisoned darts
 H - 4 curare-tipped darts
 Q - 186 stones (quivered)
Armour
 a - a +0 robe
 g - a +0 troll leather armour (worn) {Purgy}
Jewellery
 d - a ring of flight (left claw)
 u - an uncursed ring of fire {unknown}
 v - an uncursed ring of fire {unknown}
 C - an uncursed ring of see invisible {unknown}
 J - the ring "Qeaffu" {rElec rN+++ MP+9 Str-3 Stlth+, unknown}
   (You found it on level 5 of the Dungeon)

   [ring of magical power]

   It affects your strength (-3).
   It insulates you from electricity.
   It renders you almost immune to negative energy.
   It affects your magic capacity (+9).
   It makes you more stealthy.
 K - a cursed ring of attention {unknown}
Wands
 k - a wand of clouds (4)
 n - a wand of disintegration (6)
 y - a wand of enslavement (10)
 D - a wand of digging (6)
 E - a wand of acid (7)
Scrolls
 b - a scroll of enchant weapon {unknown}
 f - a scroll of random uselessness {unknown}
 i - 8 scrolls of identify
 j - a scroll of teleportation {unknown}
 o - a scroll of fear {unknown}
 w - 3 scrolls of remove curse
 z - 2 scrolls of noise {unknown}
 B - 3 scrolls of blinking {!r}
 F - a scroll of fog {unknown}
 G - a scroll of immolation {unknown}
Potions
 h - a potion of stabbing {unknown}
 l - a potion of heal wounds
 m - 2 potions of magic {unknown}
 p - 2 potions of degeneration {unknown}
 q - 4 potions of curing
 r - 2 potions of resistance {unknown}
 t - 3 potions of haste {unknown}
 A - a potion of flight {unknown}
Comestibles
 e - 19 rations
 I - 7 chunks of flesh


   Skills:
 + Level 4.6 Fighting
 + Level 4.3 Throwing
 - Level 4.0 Armour
 + Level 4.4 Dodging
 * Level 7.3 Unarmed Combat
 + Level 4.8 Invocations


You had 8 spell levels left.
You didn't know any spells.
Your spell library contained the following spells:

 Spells                   Type           Power        Failure   Level  Hunger
 Corona                   Hex            #......      43%         1    ##.....
 Slow                     Hex            #.......     58%         2    ###....
 Inner Flame              Hex/Fire       #.......     82%         3    ####...
 Portal Projectile        Hex/Tloc       #.....       82%         3    ####...
 Cause Fear               Hex            #.........   99%         4    #####..
 Leda's Liquefaction      Hex/Erth       #.........   99%         4    #####..


Dungeon Overview and Level Annotations

Branches:
Dungeon (7/15)             Temple (0/1) D:5           Sewer (visited)

Altars:
Dithmenos
Kikubaaqudgha
Okawaru

Annotations:
D:5 dig ?


Innate Abilities, Weirdness & Mutations

You are too large for most types of armour.
You have claws for hands.
Your metabolism is lightning-fast.
You like to eat raw meat.
Your natural rate of healing is unusually fast.
You are covered in fur. (AC +1)
You have extremely tough skin. (AC +3)


Message History

You are more poisoned.
The killer bee poisons you! The killer bee barely misses you.
You take 6 damage, and have 19/85 hp.
You feel sick. The killer bee closely misses you. x2
You take 1 damage, and have 18/85 hp.
An orc comes into view. It is wielding a +0 dagger.
You feel sick.
The orc shouts!
The killer bee barely misses you. The orc wizard casts a spell at you.
The magic dart hits something!
The worker ant bites you but does no damage.
The killer bee barely misses you.
You barely miss the killer bee.
You feel less confused.
You feel sick.
The orc shouts!
The killer bee barely misses you. The worker ant closely misses you.
The orc warrior hits you from afar with a +0 glaive!
You die...

..#$#.#.#.#.#...........#........
..............##....#........
.#.#.#.#yy.ยง..##....#........
...........#######...........
.#o#.#.#o##########...........
#.................#...........
.....o......o.....#.....###...
.......o.{...ayy...#.....###...
.......o.....y@y.........##....
#..........##............#.#.#
#........<.##.................
#..........########.....##.##'
#..........# ####........#..
#..........#####....#....#.+..
#.............##.(.........#..
..........................#.##+
....#####......................


You could see an orc warrior, a worker ant, 4 killer bees, an orc wizard and 2
orcs.

Levels and vault maps discovered:
D:1:      minmay_arrival_open_corners, layout_basic, minmay_gold_behind_fungi,
          nrook_mini_backslash, minmay_close_crescents
D:2:      layout_basic, kiku_gazebo_pond_becter,
          chequers_ecumenical_altar_island
D:3:      layout_rooms, first_ration, okawaru_gym_becter
D:4:      layout_basic, portal_sewer_entry_f, uniq_duvessa, uniq_grinder
D:5:      minmay_bubble_buster, layout_basic, minmay_temple_entry_proselytizer,
          kennysheep_pointless_box, nicolae_dithmenos_the_darkroom, uniq_sigmund
D:6:      layout_loops_ring, grunt_ministairs_4
D:7:      layout_basic, minmay_misc_feat_doors, hex_medium

Notes
Turn   | Place    | Note
-------+----------+-------------------------------------------
     0 | Abyss:1  | lepoulpe303 the Troll Abyssal Knight began the quest for
                  | the Orb.
     0 | Abyss:1  | Reached XP level 1. HP: 22/22 MP: 1/1
   107 | D:1      | Escaped the Abyss
   138 | D:1      | Identified a +0 club
   206 | D:1      | Reached skill level 2 in Dodging
   262 | D:1      | Reached XP level 2. HP: 29/29 MP: 2/2
   374 | D:1      | Reached * piety under Lugonu
   385 | D:1      | Identified a +0 club
   461 | D:1      | Identified a +0 club
   523 | D:1      | Identified a +0 club
   534 | D:1      | Reached XP level 3. HP: 30/36 MP: 3/3
   565 | D:1      | Identified a +0 dagger
   632 | D:1      | Identified a +0 short sword
   764 | D:1      | Reached skill level 1 in Throwing
   765 | D:1      | Identified a +0 dagger
   789 | D:1      | Identified a cursed -3 club
   837 | D:1      | Identified 2 scrolls of identify
   837 | D:1      | Identified a ring of flight (You found it on level 1 of the
                  | Dungeon)
   902 | D:2      | Found a faded altar of an unknown god.
  1017 | D:2      | Reached skill level 2 in Invocations
  1018 | D:2      | Found an ancient bone altar of Kikubaaqudgha.
  1167 | D:2      | Reached skill level 3 in Unarmed Combat
  1179 | D:2      | Reached XP level 4. HP: 41/44 MP: 4/4
  1236 | D:2      | Reached ** piety under Lugonu
  1584 | D:2      | Identified a +0 club
  1637 | D:3      | Found an iron altar of Okawaru.
  1753 | D:3      | Identified a +0 club
  2119 | D:4      | Identified a +0 mace
  2119 | D:4      | Identified a +0 short sword
  2120 | D:4      | Identified a +0 dagger
  2120 | D:4      | Identified a +0 robe
  2120 | D:4      | Identified a +0 whip
  2121 | D:4      | Identified a +0 trident
  2121 | D:4      | Identified a +0 club
  2121 | D:4      | Identified a +0 ring mail
  2148 | D:4      | Reached XP level 5. HP: 29/52 MP: 5/5
  2170 | D:4      | Reached skill level 3 in Fighting
  2181 | D:4      | Found a glowing drain.
  2200 | Sewer    | Entered a sewer
  2201 | Sewer    | Identified 2 potions of curing
  2202 | Sewer    | Identified a potion of heal wounds
  2203 | Sewer    | Identified 3 scrolls of remove curse
  2204 | Sewer    | Identified a ring of teleportation (You found it on level 3
                  | of the Dungeon)
  2249 | Sewer    | Noticed Purgy
  2261 | Sewer    | Killed Purgy
  2261 | Sewer    | Identified a +0 troll leather armour {Purgy}
  2261 | Sewer    | Reached skill level 2 in Throwing
  2261 | Sewer    | Reached skill level 4 in Unarmed Combat
  2261 | Sewer    | Reached XP level 6. HP: 38/61 MP: 6/6
  2444 | D:4      | Noticed Grinder
  2465 | D:4      | Killed Grinder
  2465 | D:4      | Reached skill level 1 in Armour
  2496 | D:4      | Reached skill level 3 in Dodging
  2496 | D:4      | Reached skill level 3 in Invocations
  2496 | D:4      | Reached XP level 7. HP: 52/67 MP: 8/8
  2545 | D:4      | Identified a +2 dagger of venom
  2545 | D:4      | Identified a +0 robe
  2545 | D:4      | Noticed Dowan
  2545 | D:4      | Identified a +0 short sword
  2545 | D:4      | Identified a +0 leather armour
  2545 | D:4      | Noticed Duvessa
  2576 | D:4      | Killed Duvessa
  2582 | D:4      | Killed Dowan
  2680 | D:4      | Identified a +0 club
  2681 | D:4      | Identified a +0 giant club
  2690 | D:4      | Reached skill level 2 in Armour
  2690 | D:4      | Reached skill level 5 in Unarmed Combat
  2750 | D:4      | Identified a +0 club
  2750 | D:4      | Identified a +0 leather armour
  2750 | D:4      | Identified a +0 dagger
  2750 | D:4      | Identified a +0 robe
  2750 | D:4      | Identified a +0 dagger
  2750 | D:4      | Identified a +0 dagger
  2750 | D:4      | Identified a +0 robe
  2808 | D:4      | Identified a +0 hand axe
  2960 | D:4      | Identified a +0 giant club
  2972 | D:4      | Reached *** piety under Lugonu
  3395 | D:5      | Entered Level 5 of the Dungeon
  3437 | D:5      | Reached skill level 3 in Throwing
  3484 | D:5      | Reached XP level 8. HP: 77/78 MP: 9/9
  3537 | D:5      | Identified a +0 club
  3541 | D:5      | Identified a +0 dagger
  3547 | D:5      | Identified a +0 flail
  3547 | D:5      | Identified a +0 chain mail
  3616 | D:5      | Identified a +0 scythe
  3616 | D:5      | Identified a +0 robe
  3616 | D:5      | Noticed Sigmund
  3658 | D:5      | Killed Sigmund
  3658 | D:5      | Reached skill level 3 in Armour
  3677 | D:5      | Identified a +0 club
  3706 | D:5      | Found a staircase to the Ecumenical Temple.
  3958 | D:5      | Reached skill level 4 in Fighting
  4004 | D:5      | Reached skill level 6 in Unarmed Combat
  4160 | D:5      | Got a scintillating marble ring
  4280 | D:5      | Identified a +0 hand axe
  4293 | D:5      | Found a shadowy altar of Dithmenos.
  5124 | D:6      | Reached skill level 4 in Invocations
  5577 | D:7      | Identified a +2 trident of venom
  5708 | D:7      | Identified a cursed +0 short sword
  5708 | D:7      | Identified a +0 robe
  5722 | D:7      | Identified a +4 falchion
  5722 | D:7      | Identified a +0 robe
  5732 | D:7      | Reached skill level 4 in Armour
  5732 | D:7      | Reached skill level 4 in Dodging
  5737 | D:7      | Identified a +0 short sword
  5737 | D:7      | Identified a +0 robe
  5738 | D:7      | Identified a +0 long sword
  5738 | D:7      | Identified a +0 robe
  5799 | D:7      | Reached XP level 9. HP: 80/84 MP: 11/11
  5887 | D:7      | Identified a +0 giant club
  5887 | D:7      | Identified a +0 giant club
  5887 | D:7      | Noticed a two-headed ogre
  5927 | D:7      | Killed a two-headed ogre
  5927 | D:7      | Reached skill level 4 in Throwing
  5927 | D:7      | Reached skill level 7 in Unarmed Combat
  6019 | D:7      | Identified 4 scrolls of blinking
  6019 | D:7      | Identified a +0 glaive
  6019 | D:7      | Identified a +4 plate armour of poison resistance
  6019 | D:7      | Identified a +0 whip
  6019 | D:7      | Identified a +0 robe
  6019 | D:7      | Identified a +1 dagger of freezing
  6019 | D:7      | Identified a +0 robe
  6021 | D:7      | Identified a +0 mace
  6026 | D:7      | HP: 19/85 [killer bee (5)]
  6028 | D:7      | Identified a +0 dagger
  6028 | D:7      | Identified a +0 ring mail
  6029 | D:7      | Slain by an orc warrior

Table legend:
 A = Turns spent in this place as a percentage of turns spent in the entire game.
 B = Non-inter-level travel turns spent in this place as a percentage of non-inter-level travel turns spent in the entire game.
 C = Inter-level travel turns spent in this place as a percentage of turns spent in this place.
 D = Turns resting spent in this place as a percentage of non-inter-level travel turns spent in this place.
 E = Turns spent auto-exploring this place as a percentage of non-inter-level travel turns spent in this place.
 F = Non-inter-level travel turns spent in this place divided by the number of levels of this place that you've seen.
                   A       B       C       D       E      F
               +-------+-------+-------+-------+-------+----------------------
         Total | 100.0 | 100.0 |   5.1 |   3.8 |  72.9 | 635.8
       Dungeon |  94.9 |  94.6 |   5.4 |   3.6 |  75.1 | 773.1
         Abyss |   1.8 |   1.9 |   0.0 |   0.0 |   0.0 | 107.0
         Sewer |   3.4 |   3.5 |   0.0 |  11.8 |  52.2 | 203.0
               +-------+-------+-------+-------+-------+----------------------

Table legend:
 A = Kills in this place as a percentage of kills in entire the game.
 B = Kills by you in this place as a percentage of kills by you in the entire game.
 C = Kills by friends in this place as a percentage of kills by friends in the entire game.
 D = Other kills in this place as a percentage of other kills in the entire game.
 E = Experience gained in this place as a percentage of experience gained in the entire game.
 F = Experience gained in this place divided by the number of levels of this place that you have seen.
                   A       B       C       D       E      F
               +-------+-------+-------+-------+-------+----------------------
         Total | 100.0 | 100.0 |   N/A |   N/A | 100.0 | 458.2
       Dungeon |  96.1 |  96.1 |   N/A |   N/A |  96.2 | 567.0
         Sewer |   3.9 |   3.9 |   N/A |   N/A |   3.8 | 155.0
               +-------+-------+-------+-------+-------+----------------------

Skill      XL: |  1  2  3  4  5  6  7  8  9 |
---------------+----------------------------+-----
Dodging        | 2 3 4 |  4.4
Throwing       | 1 2 3 4 |  4.3
Invocations    | 2 3 4 |  4.8
Unarmed Combat | 3 4 5 6 7 |  7.3
Fighting       | 3 4 |  4.6
Armour         | 1 2 4 |  4.0

Action                   |  1- 3 |  4- 6 |  7- 9 || total
-------------------------+-------+-------+-------++-------
Melee: Unarmed           |   120 |   114 |   218 ||   452
       Punch             |     3 |     1 |     9 ||    13
Throw: Stone             |   116 |    92 |   167 ||   375
       Large rock        |       |       |     4 ||     4
       Boomerang         |       |       |     2 ||     2
       Dart              |       |       |     6 ||     6
Invok: Depart the Abyss  |     1 |       |       ||     1
Evoke: Wand              |       |       |     2 ||     2
  Use: Scroll            |     1 |     3 |     2 ||     6
       Potion            |       |       |     1 ||     1
 Stab: Sleeping          |       |     1 |       ||     1
  Eat: Chunk             |    16 |    13 |    32 ||    61
Armor: Robe              |    28 |    35 |       ||    63
       Troll leather arm |       |    10 |    64 ||    74
Dodge: Dodged            |    54 |    46 |   105 ||   205

Vanquished Creatures
  A two-headed ogre (D:7)
  Grinder (D:4)
  Sigmund (D:5)
  Duvessa (D:4)
  An orc warrior (D:5)
  Purgy (Sewer)
  A phantom (D:5)
  2 ogres (D:4)
  A bullfrog (D:7)
  Dowan (D:4)
  A killer bee (D:7)
  3 scorpions
  4 wights (D:7)
  3 howler monkeys
  2 crimson imps
  4 hounds (D:5)
  A centaur skeleton (D:6)
  An orc priest (D:5)
  3 orc wizards (D:4)
  5 iguanas
  3 worker ants
  7 adders
  2 shadow imps (D:5)
  2 oozes
  3 worms (D:2)
  4 dart slugs
  8 leopard geckos
  15 orcs
  6 bats
  8 giant cockroaches
  8 goblins
  7 hobgoblins
  9 jackals
  13 kobolds
  3 quokkas
  A ball python (D:3)
  4 frilled lizards
  A quokka zombie (D:5)
  12 rats
154 creatures vanquished.

Vanquished Creatures (others)
  5 toadstools (D:1)
5 creatures vanquished.

Grand Total: 159 creatures vanquished
